 Dungeon Crawl Stone Soup version 0.30-a0-6-g7c9e10e132 (webtiles) character file.

Game seed: 10020472633388373999

89825 greasedhog the Unseen (level 15, -13/92 HPs)
             Began as a Gargoyle Wanderer on Aug 22, 2022.
             Was the Champion of Dithmenos.
             Mangled by a dire elephant (21 damage)
             ... on level 15 of the Dungeon.
             The game lasted 00:48:44 (28872 turns).

greasedhog the Unseen (Gargoyle Wanderer)          Turns: 28872, Time: 00:48:44

Health: -13/92     AC: 25    Str: 16    XL:     15   Next: 98%
Magic:  21/21      EV: 20    Int: 12    God:    Dithmenos [******]
Gold:   1802       SH: 11    Dex: 25    Spells: 14/14 levels left

rFire   + . .      SeeInvis +    g - +6 rapier of Hubris {protect, Str+3 Dex+5}
rCold   . . .      Faith    .    c - +0 buckler
rNeg    + . .      Spirit   .    O - +0 troll leather armour
rPois   ∞          Reflect  +    t - +0 hat
rElec   +          Harm     .    s - +0 cloak
rCorr   .          Rampage  .    (no gloves)
Will    +....                    (no boots) Stlth ***+++++++
                                 Q - amulet of reflection
HPRegen 1.05/turn                l - ring of protection from fire
MPRegen 0.17/turn                F - ring of see invisible

@: under a protective aura, flying, wreathed by umbra
A: sickness immunity, AC +11, big wings, negative energy resistance 1,
electricity resistance, torment resistance 1, petrification resistance
a: Renounce Religion, Shadow Step, Shadow Form


You were on level 15 of the Dungeon.
You worshipped Dithmenos.
Dithmenos was exalted by your worship.
You visited 4 branches of the dungeon, and saw 23 of its levels.

You collected 1997 gold pieces.
You spent 195 gold pieces at shops.

Inventory:

Hand Weapons
 a - a +2 dagger of venom
 g - the +6 rapier of Hubris (weapon) {protect, Str+3 Dex+5}
   (You acquired it on level 8 of the Dungeon)

   It grants its wielder temporary protection when it strikes (+7 to AC).
   Str:       It affects your strength (+3).
   Dex:       It affects your dexterity (+5).
 U - a +4 scimitar of flaming
Missiles
 m - 3 throwing nets
 K - 6 curare-tipped darts (quivered)
Armour
 c - a +0 buckler (worn)
 s - a +0 cloak (worn)
 t - a +0 hat (worn)
 L - +0 acid dragon scales
 O - a +0 troll leather armour (worn)
Jewellery
 b - an amulet of the acrobat
 l - a ring of protection from fire (left hand)
 v - a ring of resist corrosion
 F - a ring of see invisible (right hand)
 Q - an amulet of reflection (around neck)
Wands
 f - a wand of mindburst (2)
 k - a wand of flame (10)
 A - a wand of polymorph (11)
 N - a wand of roots (10)
 P - a wand of paralysis (13)
 R - a wand of digging (12)
 T - a wand of light (6)
Scrolls
 e - 4 scrolls of blinking
 h - 7 scrolls of enchant armour
 j - 2 scrolls of immolation
 n - 12 scrolls of teleportation
 o - 3 scrolls of poison
 p - 2 scrolls of silence
 r - 2 scrolls of fear
 u - 7 scrolls of butterflies
 y - 4 scrolls of enchant weapon
 z - 6 scrolls of amnesia
 G - a scroll of magic mapping
 I - a scroll of summoning
 J - a scroll of brand weapon
 S - a scroll of acquirement
Potions
 d - 8 potions of curing
 i - 4 potions of lignification
 q - 4 potions of resistance
 w - 6 potions of heal wounds
 x - 7 potions of mutation
 B - 5 potions of haste
 C - 3 potions of might
 D - 3 potions of degeneration {unknown}
 E - 3 potions of magic {unknown}
 H - 4 potions of attraction {unknown}
 M - 2 potions of brilliance {unknown}


   Skills:
 - Level 10.0 Fighting
 - Level 14.0 Short Blades
 - Level 10.0 Armour
 - Level 10.0 Dodging
 * Level 18.2 Stealth
 - Level 2.1 Shields
 * Level 8.5 Invocations


You had 14 spell levels left.
You didn't know any spells.
Your spell library contained the following spells:

 Spells                   Type           Power      Damage    Failure   Level
 Necrotise                Necr           0%         1d4       45%         1
 Sandblast                Erth           0%         2d4       45%         1
 Slow                     Hex            0%         N/A       45%         1
 Blink                    Tloc           0%         N/A       61%         2
 Ensorcelled Hibernation  Hex/Ice        0%         N/A       61%         2
 Passwall                 Tmut/Erth      0%         N/A       61%         2
 Static Discharge         Conj/Air       0%         3-3/arc   61%         2
 Wereblood                Tmut           0%         N/A       61%         2
 Confusing Touch          Hex            0%         N/A       83%         3
 Dazzling Flash           Conj/Hex       0%         N/A       83%         3
 Spider Form              Tmut/Pois      0%         N/A       83%         3
 Stone Arrow              Conj/Erth      0%         3d7       83%         3
 Vampiric Draining        Necr           0%         2d6       83%         3
 Anguish                  Hex/Necr       0%         N/A       99%         4
 Cause Fear               Hex            0%         N/A       99%         4
 Dispel Undead            Necr           0%         3d6       99%         4
 Iskenderun's Mystic Bla  Conj/Tloc      0%         2d3       99%         4
 Sticky Flame             Conj/Fire      0%         2d3       99%         4
 Agony                    Necr           0%         N/A       100%        5
 Manifold Assault         Tloc           0%         N/A       100%        5
 Starburst                Conj/Fire      0%         6d3       100%        6
 Dragon Form              Tmut           0%         N/A       100%        7
 Storm Form               Tmut/Air       0%         N/A       100%        7
 Summon Hydra             Summ           0%         N/A       100%        7
 Dragon's Call            Summ           0%         N/A       100%        9
 Sublimation of Blood     Necr           Unusable   N/A       N/A         2

Dungeon Overview and Level Annotations

Branches:
Dungeon (15/15)            Temple (1/1) D:7            Lair (5/5) D:10
  Swamp (0/4) Lair:2        Snake (0/4) Lair:2        Slime (0/5) Lair:4
    Orc (2/2) D:9             Elf (0/3) Orc:2        Vaults (0/5) D:14
 Depths (0/4) D:15

Altars:
Cheibriados
Dithmenos
Gozag
Okawaru
Qazlal
Uskayaw
Wu Jian
Xom
The Shining One

Shops:
D:3 (?==   Orc:2 (=*[


Innate Abilities, Weirdness & Mutations

You are immune to sickness and miasma.
Your stone body is resilient. (AC +11)
You are immune to poison.
Your large and strong wings let you fly.
You resist negative energy. (rN+)
You are resistant to electric shocks. (rElec)
You are resistant to unholy torment.
You are immune to petrification.


Message History

The dire elephant is severely wounded.
The dire elephant closely misses you. The dire elephant misses you.
You puncture the dire elephant!
The dire elephant is severely wounded.
Your shadow hits the dire elephant with a rapier.
You hit the dire elephant but do no damage.
The dire elephant is severely wounded.
You block the dire elephant's attack. The dire elephant trunk-slaps you.
You barely miss the dire elephant.
The dire elephant is severely wounded.
You hit the dire elephant but do no damage.
The dire elephant is severely wounded.
Your shadow hits the dire elephant but does no damage.
The dire elephant tramples you but does no damage.
The dire elephant misses you.
You hit the dire elephant but do no damage.
The dire elephant is severely wounded.
The dire elephant tramples you!
You hold your ground!
The dire elephant trunk-slaps you.
You hit the dire elephant.
The dire elephant is severely wounded.
You hit the dire elephant.
The dire elephant is almost dead.
The dire elephant tramples you!
* * * LOW HITPOINT WARNING * * *
You hold your ground!
The dire elephant trunk-slaps you but does no damage.
You puncture the dire elephant!
The dire elephant is almost dead.
You hit the dire elephant but do no damage.
The dire elephant is almost dead.
The dire elephant tramples you!
* * * LOW HITPOINT WARNING * * *
You hold your ground!
The dire elephant closely misses you.
Aiming: Mindburst
Press: ? - help, Shift-Dir - straight line, f - dire elephant
Aim: a dire elephant (almost dead, very poisoned, umbra, chance to affect: 6%)
The dire elephant resists with almost no effort.
The dire elephant tramples you!!
You die...

#......... #.###.....
#.......#. ###
#....<.... ..u
#...#.#### u.. #...#.#
.. ... #...#.# .. ...
#### #.....# ## ####
#.@# #...... .. ...#
#.Y# #.###.. .. ...#
##.####Y##. #.. .# ...#
#......# #. .. .. #..#
##### #≈.#.≈.# ..
#..#####......#..#...#
## .......#
#....#.####.### ..#
.......#.#.......#......
...#
#..##.##.......≈...≈.#.s
...##


You could see a dire elephant (very poisoned).

Vanquished Creatures
  Jorgrun (Orc:2)
  Rupert (Orc:1)
  Frances (D:12)
  Kirke (D:13)
  An orc warlord (Orc:1)
  Azrael (D:13)
  A dire elephant (Lair:5)
  3 boulder beetles
  Erolcha (D:9)
  Harold (D:11)
  A vault guard (D:14)
  5 hydras
  A death knight (D:15)
  A catoblepas (Lair:5)
  4 two-headed ogres
  A deep troll shaman (Lair:5)
  2 centaur warriors
  10 death yaks
  A tengu warrior (D:15)
  5 orc high priests
  Urug (D:13)
  A deep elf knight (D:14)
  Sonja (D:12)
  Lodul (D:13)
  A skeletal warrior (D:11)
  A deep troll (Lair:2)
  5 orc knights
  2 deep elf pyromancers
  9 ugly things
  7 slime creatures
  4 cyclopes
  6 orc sorcerers
  5 manticores
  11 elephants
  Maurice (D:13)
  6 black mambas
  14 cane toads
  A torpor snail (Lair:5)
  A gargoyle (D:12)
  A kobold demonologist (D:12)
  3 rime drakes
  2 unseen horrors
  5 yaktaurs (D:15)
  3 efreet
  A freezing wraith (D:15)
  2 demonic crawlers (D:15)
  3 komodo dragons
  A tengu conjurer (D:15)
  7 trolls
  3 polar bears
  A troll (shapeshifter) (D:13)
  A hornet (D:9)
  14 dream sheep
  7 blink frogs
  A water elemental (D:14)
  Sigmund (D:5)
  48 yaks
  3 shadows
  2 vampires
  A wyvern (D:10)
  6 wraiths
  4 fire elementals (D:13)
  Eustachio (D:4)
  Grum (D:8)
  7 basilisks
  A steam dragon (D:10)
  3 vampire mosquitoes (D:10)
  Menkaure (D:7)
  5 wargs
  3 acid dragons
  2 hell hounds (D:13)
  5 nagas (Lair:2)
  9 water moccasins
  2 sky beasts
  3 black bears
  24 orc warriors
  A black bear (shapeshifter) (D:14)
  5 centaurs
  7 wolves
  12 ogres
  4 kobold brigands
  A necrophage (D:6)
  12 bullfrogs
  A gnoll sergeant (D:11)
  4 scorpions
  7 wights
  16 killer bees
  7 howler monkeys
  8 electric eels
  3 jellies
  2 gnoll boudas
  11 orc priests
  3 hounds
  Crazy Yiuf (D:2)
  5 iguanas
  15 orc wizards
  5 hell rats (Lair:5)
  8 gnolls
  7 adders
  A white imp (D:7)
  3 ufetubi
  2 worms (D:4)
  51 orcs
  7 endoplasms
  A giant cockroach (D:1)
  9 goblins
  12 hobgoblins
  5 jackals
  2 quokkas
  7 ball pythons
  5 bats
  5 frilled lizards
  27 kobolds
  6 rats
596 creatures vanquished.

Vanquished Creatures (others)
  23 fungi
  28 plants
51 creatures vanquished.

Grand Total: 647 creatures vanquished

Notes
Turn   | Place    | Note
-------+----------+-------------------------------------------
     0 | D:1      | greasedhog the Gargoyle Wanderer began the quest for the
                  | Orb.
     0 | D:1      | greasedhog set off with the following items: a +0 dagger, 2
                  | potions of curing, a +0 buckler, a +2 leather armour.
     0 | D:1      | Reached XP level 1. HP: 14/14 MP: 1/1
   167 | D:1      | Reached skill level 1 in Stealth
   170 | D:1      | Reached XP level 2. HP: 10/19 MP: 2/2
   345 | D:1      | Reached skill level 1 in Short Blades
   674 | D:1      | You fall into a shaft and drop 1 floor!
   731 | D:1      | Found a faded altar of an unknown god.
   737 | D:1      | Reached skill level 2 in Stealth
   895 | D:1      | Reached XP level 3. HP: 22/23 MP: 3/3
  1251 | D:2      | Identified the +2 scale mail of Biyganu {Str+2}
  1315 | D:2      | Found a runed translucent door.
  1316 | D:2      | Noticed Crazy Yiuf
  1616 | D:2      | Killed Crazy Yiuf
  1617 | D:2      | Reached skill level 3 in Stealth
  1617 | D:2      | Reached XP level 4. HP: 28/28 MP: 4/4
  1770 | D:3      | Found Niashij's Jewellery Shoppe.
  2038 | D:3      | Found Wuamo's Antique Weapon Shop.
  2047 | D:3      | Noticed a scorpion
  2072 | D:3      | Killed a scorpion
  2073 | D:3      | Reached skill level 4 in Stealth
  2073 | D:3      | Reached XP level 5. HP: 16/32 MP: 5/5
  2288 | D:3      | Found Iptoatzo's Jewellery Emporium.
  2610 | D:3      | Found But Ocas's Magic Scroll Shop.
  2618 | D:3      | Bought a scroll of identify for 20 gold pieces
  2860 | D:4      | Reached XP level 6. HP: 37/37 MP: 6/6
  2867 | D:4      | Noticed Eustachio
  2912 | D:4      | Killed Eustachio
  2913 | D:4      | Reached skill level 5 in Stealth
  3310 | D:4      | Found an opulent altar of Gozag.
  3510 | D:4      | Found a snail-covered altar of Cheibriados.
  3777 | D:4      | Reached XP level 7. HP: 41/41 MP: 7/7
  4024 | D:5      | Entered Level 5 of the Dungeon
  4104 | D:5      | Reached skill level 6 in Stealth
  4164 | D:5      | Noticed Sigmund
  4176 | D:5      | Killed Sigmund
  4177 | D:5      | Reached skill level 5 in Short Blades
  4329 | D:5      | Found an iron altar of Okawaru.
  4976 | D:6      | Reached skill level 7 in Stealth
  4997 | D:6      | Reached XP level 8. HP: 46/46 MP: 8/8
  5268 | D:6      | Reached skill level 8 in Stealth
  5566 | D:6      | Found a shadowy altar of Dithmenos.
  5575 | D:6      | Became a worshipper of Dithmenos the Shadowed
  6246 | D:7      | Found a staircase to the Ecumenical Temple.
  6287 | Temple   | Entered the Ecumenical Temple
  6484 | D:7      | Reached skill level 9 in Stealth
  6822 | D:7      | Reached XP level 9. HP: 41/51 MP: 9/9
  7002 | D:7      | Noticed Menkaure
  7024 | D:7      | Killed Menkaure
  7032 | D:7      | Reached skill level 10 in Stealth
  7323 | D:8      | Noticed Grum
  7343 | D:7      | Reached * piety under Dithmenos
  7577 | D:8      | Reached skill level 5 in Fighting
  7807 | D:8      | Killed Grum
  8404 | D:8      | Reached XP level 10. HP: 36/60 MP: 10/10
  9229 | D:8      | Identified a scroll of acquirement
  9230 | D:8      | Acquired the +6 rapier of Hubris {protect, Str+3 Dex+5}
  9299 | D:9      | Noticed an unseen horror
  9310 | D:9      | Found a staircase to the Orcish Mines.
  9320 | D:9      | Killed an unseen horror
  9350 | D:9      | Reached ** piety under Dithmenos
  9619 | D:9      | Noticed Erolcha
  9624 | D:9      | Killed Erolcha
  9629 | D:9      | Reached skill level 10 in Short Blades
 10224 | D:9      | Reached XP level 11. HP: 59/71 MP: 11/11
 10597 | D:10     | Entered Level 10 of the Dungeon
 10735 | D:10     | Found a stormy altar of Qazlal.
 10742 | D:10     | Found a glowing golden altar of the Shining One.
 10742 | D:10     | Found a shimmering altar of Xom.
 10805 | D:10     | Found a hide-covered altar of Uskayaw.
 10813 | D:10     | Found an ornate altar of the Wu Jian Council.
 10849 | D:10     | Found a staircase to the Lair.
 10877 | D:10     | Reached skill level 10 in Fighting
 10945 | D:10     | Reached *** piety under Dithmenos
 10946 | D:10     | Reached skill level 1 in Armour
 11687 | Lair:1   | Entered Level 1 of the Lair of Beasts
 12673 | Lair:2   | Reached skill level 5 in Armour
 13089 | Lair:2   | Noticed a death yak
 13092 | Lair:2   | Noticed a death yak
 13092 | Lair:2   | Noticed a death yak
 13094 | Lair:2   | Noticed a death yak
 13094 | Lair:2   | Noticed a death yak
 13268 | Lair:2   | Found a staircase to the Swamp.
 13459 | Lair:2   | Reached XP level 12. HP: 51/77 MP: 12/12
 14064 | Lair:1   | Killed a death yak
 14316 | Lair:1   | Killed a death yak
 14751 | Lair:1   | Killed a death yak
 14776 | Lair:1   | Killed a death yak
 15077 | Lair:1   | Killed a death yak
 15797 | Lair:2   | Found a staircase to the Snake Pit.
 15815 | Lair:2   | Reached **** piety under Dithmenos
 17043 | Lair:3   | Noticed an eight-headed hydra
 17055 | Lair:3   | Killed an eight-headed hydra
 17204 | Lair:3   | Reached skill level 10 in Armour
 18236 | Lair:3   | Reached XP level 13. HP: 63/82 MP: 13/13
 18617 | Lair:4   | Found a staircase to the Slime Pits.
 19157 | Lair:5   | Entered Level 5 of the Lair of Beasts
 19162 | Lair:5   | Reached skill level 11 in Stealth
 19388 | Lair:5   | Reached skill level 5 in Dodging
 19394 | Lair:5   | Reached ***** piety under Dithmenos
 19880 | Lair:5   | Reached skill level 12 in Stealth
 20550 | Lair:5   | Reached skill level 13 in Stealth
 20677 | Lair:5   | Gained mutation: Your large and strong wings let you fly.
                  | [Gargoyle growth]
 20677 | Lair:5   | Reached XP level 14. HP: 72/88 MP: 14/14
 20683 | Lair:5   | Noticed a dire elephant
 20697 | Lair:5   | Killed a dire elephant
 21635 | Orc:1    | Entered Level 1 of the Orcish Mines
 22505 | Orc:2    | Entered Level 2 of the Orcish Mines
 22505 | Orc:2    | Found Otuvoill's General Store.
 22705 | Orc:2    | Reached skill level 14 in Stealth
 22766 | Orc:2    | Paralysed by an orc sorcerer for 2 turns
 22769 | Orc:2    | Noticed Rupert
 22800 | Orc:1    | Paralysed by an orc sorcerer for 3 turns
 23134 | Orc:2    | Paralysed by an orc sorcerer for 4 turns
 23164 | Orc:2    | Noticed an orc warlord
 23336 | Orc:1    | Killed an orc warlord
 23410 | Orc:2    | Paralysed by Rupert for 5 turns
 23427 | Orc:1    | Killed Rupert
 23521 | Orc:2    | Found a staircase to the Elven Halls.
 23523 | Orc:2    | Noticed Jorgrun
 23533 | Orc:2    | Killed Jorgrun
 23594 | Orc:2    | Reached skill level 15 in Stealth
 23667 | Orc:2    | Found Piyq's Antique Weapon Boutique.
 24005 | Orc:2    | Bought a scroll of blinking for 105 gold pieces
 24005 | Orc:2    | Bought a scroll of identify for 28 gold pieces
 24005 | Orc:2    | Bought a scroll of teleportation for 42 gold pieces
 24017 | Orc:2    | Found Hutuv's Antique Armour Emporium.
 24065 | Orc:2    | Found Naalaoto's Jewellery Shop.
 24859 | D:11     | Noticed Harold
 24862 | D:11     | Killed Harold
 25696 | D:12     | Reached skill level 16 in Stealth
 25696 | D:12     | Reached XP level 15. HP: 92/92 MP: 15/15
 25722 | D:12     | Reached ****** piety under Dithmenos
 25736 | D:12     | Identified the +8 bardiche of the Dead {flame, rPois rF++
                  | Str+6}
 25789 | D:12     | Reached skill level 10 in Dodging
 25822 | D:12     | Noticed Frances
 25826 | D:12     | Killed Frances
 25954 | D:12     | Found a hide-covered altar of Uskayaw.
 25975 | D:12     | Noticed Sonja
 25978 | D:12     | Killed Sonja
 26311 | D:13     | Noticed Lodul
 26370 | D:13     | Killed Lodul
 26623 | D:13     | Noticed Kirke
 26628 | D:13     | Killed Kirke
 26629 | D:13     | Reached skill level 5 in Invocations
 26705 | D:13     | Noticed Azrael
 26719 | D:13     | Killed Azrael
 26720 | D:13     | Reached skill level 17 in Stealth
 26814 | D:13     | Noticed Maurice
 26817 | D:13     | Killed Maurice
 26940 | D:13     | Noticed Urug
 26973 | D:13     | Killed Urug
 26990 | D:13     | Found an ornate altar of the Wu Jian Council.
 27275 | D:14     | Found a gate to the Vaults.
 27700 | D:15     | Entered Level 15 of the Dungeon
 28522 | D:15     | Reached skill level 18 in Stealth
 28825 | D:15     | Found a staircase to the Depths.
 28872 | D:15     | Mangled by a dire elephant

Illustrated notes

Levels and vault maps discovered:
D:1:      minmay_arrival_semitransparent, layout_basic,
          hellmonk_ecumenical_altar_slurped_away, hangedman_feature_mirror,
          minmay_door_square
D:2:      layout_basic, uniq_crazy_yiuf_cottage
D:3:      layout_basic, serial_shops, shop, shop, nicolae_shop_behind_doors,
          nicolae_shop_hallway_stairs, grunt_ministairs_13
D:4:      layout_loops_ring, slow_altar_1, grunt_gozag_statues, uniq_eustachio
D:5:      layout_basic, okawaru_gym_becter, hangedman_decor_peaks_small,
          chequers_serial_rivers_marsh, kennysheep_potato, uniq_sigmund
D:6:      layout_layer_cave, grunt_dithmenos_smoke_and_mirrors
D:7:      layout_loops_ring, minmay_temple_entry_glassed_door, uniq_menkaure
D:8:      layout_basic, uniq_grum
D:9:      layout_roguey, erik_orc_3, uniq_erolcha
D:10:     layout_loops_ring, minmay_overflow_temple_star_hex, david_lair_generic
D:11:     minmay_angry_zag, layout_basic, uniq_harold
D:12:     layout_loops_ring, corexii_checkpoint_b, drop_trap,
          nicolae_uskayaw_murder_on_the_dancefloor, uniq_frances, uniq_sonja
D:13:     layout_roguey, nzn_wu_jian_council_hall, uniq_maurice, uniq_urug,
          uniq_lodul, uniq_kirke, uniq_azrael
D:14:     statuecave_lemuel, layout_cave_pools, david_vaults_5
D:15:     hangedman_depths_entry_try_elsewhere_first, layout_stronghold,
          hex_medium, einodemon_crawler_minivault
Temple:   nicolae_temple_god_jail
Lair:1:   layout_chaotic_city
Lair:2:   dreamdust_cave_troll, layout_regular_city, minmay_swamp_entry_eels,
          minmay_snake_entry_guardpost_medium, serial_bayou_shore_a
Lair:3:   layout_cave_pods, serial_bayou, serial_bayou_pond_a,
          serial_bayou_pond_e, serial_bayou_crossing, serial_bayou_lake_a,
          serial_bayou_lagoon_a
Lair:4:   layout_gridlike, minmay_slime_entry_pillars, serial_bayou_shore_b,
          grunt_megastairs_3
Lair:5:   grunt_lair_end_beastmaster, layout_gridlike,
          chequers_serial_rivers_large_b, infiniplex_staircase_pool
Orc:1:    nicolae_orc_accident_1, layout_caves, basic_altar
Orc:2:    grunt_orc_gardens, layout_diamond_mine, grunt_orc_garden,
          grunt_orc_garden, grunt_orc_garden, grunt_orc_garden, basic_altar,
          uniq_jorgrun, uniq_rupert

Skill      XL: |  1  2  3  4  5  6  7  8  9 10 11 12 13 14 15 |
---------------+----------------------------------------------+-----
Stealth        | 1 2 3 4 5 7 9 10 13 16 18 | 18.2
Short Blades   | 1 2 3 4 5 7 8 10 12 13 14 | 14.0
Fighting       | 6 9 10 | 10.0
Armour         | 6 10 | 10.0
Dodging        | 7 9 10 | 10.0
Invocations    | 8 |  8.5
Shields        | |  2.1

Action                   |  1- 3 |  4- 6 |  7- 9 | 10-12 | 13-15 || total
-------------------------+-------+-------+-------+-------+-------++-------
Melee: Dagger            |    51 |    23 |   327 |   271 |   273 ||   945
       Short sword       |   127 |   175 |    49 |    11 |       ||   362
       Rapier            |       |       |       |   673 |  1475 ||  2148
       Scimitar          |       |       |       |       |     7 ||     7
Throw: Dart              |       |       |       |     1 |       ||     1
Invok: Shadow Step       |       |       |       |       |     7 ||     7
Evoke: Wand              |       |     1 |       |     3 |    10 ||    14
  Use: Scroll            |     3 |     3 |     2 |    13 |     9 ||    30
       Potion            |     1 |       |       |     2 |     2 ||     5
 Stab: Sleeping          |     5 |     3 |    16 |    17 |    69 ||   110
       Invisible         |       |     1 |       |     1 |    15 ||    17
       Distracted        |       |       |     1 |       |     7 ||     8
Armor: Leather armour    |    86 |   104 |    42 |       |       ||   232
       Skin              |     5 |       |       |       |       ||     5
       Acid dragon scale |       |       |    39 |   248 |   123 ||   410
       Troll leather arm |       |       |       |       |   190 ||   190
Dodge: Dodged            |   134 |   140 |   161 |   498 |   745 ||  1678
Block: Buckler           |    46 |    48 |    50 |   181 |   579 ||   904
       Reflection        |       |       |       |       |    27 ||    27

Table legend: (Time is in decaauts)
 A = Elapsed time spent in this place.
 B = Non-inter-level travel time spent in this place.
 C = Inter-level travel time spent in this place.
 D = Time resting spent in this place.
 E = Time spent auto-exploring this place.
 F = Levels seen in this place.
 G = Mean time per level.
                   A        B        C        D        E       F      G
               +--------+--------+--------+--------+--------+-----+--------+
         Total |  27625 |  26585 |   1040 |   5162 |  16193 |  23 | 1201.1 |
       Dungeon |  15940 |  15431 |    509 |   1504 |  10983 |  15 | 1062.7 |
        Temple |      1 |      1 |      0 |      0 |      0 |   1 |    1.0 |
          Lair |   9488 |   9070 |    418 |   2961 |   4439 |   5 | 1897.6 |
  Orcish Mines |   2195 |   2083 |    112 |    697 |    771 |   2 | 1097.5 |
               +--------+--------+--------+--------+--------+-----+--------+

Top non-repeatable levels by time:
  Lair:1: 2687 daAuts
  Lair:3: 2098 daAuts
  Lair:5: 1771 daAuts
  Lair:2: 1723 daAuts
     D:9: 1528 daAuts
     D:7: 1502 daAuts
     D:8: 1421 daAuts
   Orc:1: 1416 daAuts
     D:6: 1223 daAuts
  Lair:4: 1207 daAuts
     D:4: 1160 daAuts
    D:10: 1111 daAuts
     D:3: 1086 daAuts
    D:11: 1040 daAuts
     D:1: 983 daAuts
